 Dungeon Crawl Stone Soup version 0.30-a0-715-gdb4ae3ece1 (webtiles) character file.

Game seed: 15301672153870934894

10 Shayle the Conjurer (level 2, 22/22 HPs)
             Began as a Demonspawn Reaver on Jan 24, 2023.
             Quit the game on level 1 of the Dungeon.
             The game lasted 00:01:15 (576 turns).

Shayle the Conjurer (Demonspawn Reaver)              Turns: 576, Time: 00:01:15

Health: 22/22      AC:  3    Str: 12    XL:     2   Next: 10%
Magic:  5/5        EV: 11    Int: 14    God:
Gold:   24         SH:  0    Dex: 11    Spells: 4/5 levels left

rFire   . . .      SeeInvis .    a - +0 spear
rCold   . . .      Faith    .    (no shield)
rNeg    . . .      Spirit   .    b - +0 leather armour
rPois   .          Reflect  .    (helmet restricted)
rElec   .          Harm     .    (no cloak)
rCorr   .          Rampage  .    (no gloves)
Will    .....                    (no boots)
Stlth   +                        (no amulet)
HPRegen 0.23/turn                (no ring)
MPRegen 0.09/turn                (no ring)

@: no status effects
A: antennae 1
a: no special abilities


You were on level 1 of the Dungeon.
You visited 1 branch of the dungeon, and saw 1 of its levels.

You collected 24 gold pieces.

Inventory:

Hand Weapons
 a - a +0 spear (weapon)
Armour
 b - a +0 leather armour (worn)
Potions
 c - a potion of haste {unknown}
 d - a potion of lignification {unknown}


   Skills:
 + Level 2.2 Fighting
 + Level 2.8 Polearms
 - Level 1.7 Dodging
 + Level 0.6 Stealth
 - Level 2.0 Spellcasting
 - Level 3.0 Conjurations
 + Level 0.7 Hexes


You had 4 spell levels left.
You knew the following spells:

 Your Spells              Type           Power      Damage    Failure   Level
a - Kiss of Death         Conj/Necr      20%        2d7       16%         1

Your spell library contained the following spells:

 Spells                   Type           Power      Damage    Failure   Level
 Momentum Strike          Conj/Tloc      10%        3d8       24%         2
 Summon Small Mammal      Summ           4%         N/A       30%         1
 Hailstorm                Conj/Ice       5%         3d4       43%         3
 Summon Guardian Golem    Hex/Summ       2%         N/A       61%         3
 Call Canine Familiar     Summ           1%         N/A       65%         3


Dungeon Overview and Level Annotations

Branches:
Dungeon (1/15)

Altars:

Shops:
D:1 *!*


Innate Abilities, Weirdness & Mutations

You have a pair of small antennae on your head.


Message History

Found Hiuzolokk's General Store.
There is an entrance to Hiuzolokk's General Store here.
d - a grey potion You open the door.
A ball python comes into view.
There is an open door here.
The ball python bites you. The ball python misses you.
You hit the ball python.
The ball python is moderately wounded.
The ball python closely misses you. The ball python grabs you.
The ball python constricts you.
You hit the ball python.
The ball python is severely wounded.
The ball python closely misses you. The ball python constricts you.
You hit the ball python.
You kill the ball python!
You have reached level 2!
Your demonic ancestry asserts itself...
A pair of antennae grows on your head!
You open the door.
Found 3 poisoned darts.
There is an open door here.
There is an open door here.
You open the door.
There is an open door here.
A goblin comes into view. It is wielding a +0 club.
Found a faded altar of an unknown god.
You barely miss the goblin. The goblin hits you with a +0 club.
You hit the goblin.
You kill the goblin!
You see here a +0 club.
A rat comes into view.
Found 2 stones.
Found 6 gold pieces.
You hit the rat.
You kill the rat!
You see here a rat corpse.
You now have 24 gold pieces (gained 6).
Found a stone staircase leading down.
Are you sure you want to abandon this character and quit the game? (Confirm with "yes".)

#.........##.####.###...
#.#.....#.#.............
#.#.....†....#).....#...
#.#..(..#.#.#.##...## #
#.........##.####.##
#####.######## .8#
#.....# ..# #.#.#.# .8.
#.#.#@# ._.. # #.#.# 8.8
#.#.# #.... #.... ....$#
....# ...#>#


There were no monsters in sight!

Vanquished Creatures
  2 goblins (D:1)
  A hobgoblin (D:1)
  A kobold (D:1)
  2 ball pythons (D:1)
  A bat (D:1)
  A frilled lizard (D:1)
  3 rats (D:1)
11 creatures vanquished.

Notes
Turn   | Place    | Note
-------+----------+-------------------------------------------
     0 | D:1      | Shayle the Demonspawn Reaver began the quest for the Orb.
     0 | D:1      | Reached XP level 1. HP: 16/16 MP: 3/3
    34 | D:1      | Found Jolifoy's General Store.
   197 | D:1      | Found Hozimitri's Distillery.
   416 | D:1      | Found Hiuzolokk's General Store.
   452 | D:1      | Gained mutation: You have a pair of small antennae on your
                  | head. [demonic ancestry]
   452 | D:1      | Reached XP level 2. HP: 17/22 MP: 5/5
   539 | D:1      | Found a faded altar of an unknown god.
   576 | D:1      | Quit the game

Illustrated notes

Levels and vault maps discovered:
D:1:      giann_horns, layout_loops_corners, serial_shops, nicolae_shop_stone,
          shop_statue, nicolae_square_shop, ebering_ecumenical_altar_ruins

Action                     || total
---------------------------++-------
  Melee: Spear             ||    39
   Stab: Sleeping          ||     1
 Armour: Leather armour    ||     9
  Dodge: Dodged            ||    20

Table legend: (Time is in decaauts)
 A = Elapsed time spent in this place.
 B = Non-inter-level travel time spent in this place.
 C = Inter-level travel time spent in this place.
 D = Time resting spent in this place.
 E = Time spent auto-exploring this place.
 F = Levels seen in this place.
 G = Mean time per level.
                   A        B        C        D        E       F      G
               +--------+--------+--------+--------+--------+-----+--------+
         Total |    574 |    574 |      0 |      0 |    450 |   1 |  574.0 |
       Dungeon |    574 |    574 |      0 |      0 |    450 |   1 |  574.0 |
               +--------+--------+--------+--------+--------+-----+--------+

Top non-repeatable levels by time:
     D:1: 574 daAuts
